 Dungeon Crawl Stone Soup version 0.27-a0-1136-g0b992a5a9d (webtiles) character file.

Game seed: 11106520115660419509

1085 c4ctus5 the Skirmisher (level 8, -7/71 HPs)
             Began as a Minotaur Berserker on May 5, 2021.
             Was a Priest of Trog.
             Mangled by an ogre
             ... wielding a +0 giant club
              (13 damage)
             ... on level 5 of the Dungeon.
             The game lasted 00:18:30 (8578 turns).

c4ctus5 the Skirmisher (Minotaur Berserker)         Turns: 8578, Time: 00:18:30

Health: -7/71      AC:  7    Str: 22    XL:     8   Next: 9%
Magic:  7/7        EV: 13    Int:  4    God:    Trog [***...]
Gold:   240        SH:  0    Dex: 12    Spells: 7/7 levels left

rFire    . . .     SeeInvis .   s - +0 war axe
rCold    . . .     Faith    .   (no shield)
rNeg     . . .     Spirit   .   t - +0 ring mail
rPois    .         Reflect  .   (helmet restricted)
rElec    .         Harm     .   (no cloak)
rCorr    .         Rampage  .   p - +0 pair of gloves
Will     .....                  (no boots)
Stlth    +.........             (no amulet)
HPRegen  0.21/turn              (no ring)
MPRegen  0.10/turn              (no ring)

@: lethally poisoned (-7 -> -10), flying
A: horns 2, retaliatory headbutt
a: Renounce Religion, Berserk, Trog's Hand


You were on level 5 of the Dungeon.
You worshipped Trog.
Trog was most pleased with you.
You visited 1 branch of the dungeon, and saw 5 of its levels.

You collected 240 gold pieces.

Inventory:

Hand Weapons
 a - a +1 hand axe
 s - a +0 war axe (weapon)
Missiles
 e - 73 stones (quivered)
Armour
 b - a +0 animal skin
 g - a +0 plate armour
 p - a +0 pair of gloves (worn)
 r - a +0 leather armour
 t - a +0 ring mail (worn)
Jewellery
 u - the ring of Ethics {Ice Int+4}
   (You found it on level 5 of the Dungeon)

   [ring of ice]

   It enhances your ice magic.
   It affects your intelligence (+4).
   It makes you vulnerable to fire.
   It protects you from cold.
Wands
 d - a wand of flame (22)
Scrolls
 c - 3 scrolls of enchant weapon
 f - a scroll of brand weapon {unknown}
 k - a scroll of holy word {unknown}
 l - 2 scrolls of torment
 n - 2 scrolls of teleportation
 o - a scroll of amnesia {unknown}
 q - 2 scrolls of identify {unknown}
 v - a scroll of enchant armour {unknown}
Potions
 h - a potion of flight
 i - a potion of brilliance
 j - a potion of might {unknown}
 m - 2 potions of cancellation


   Skills:
 + Level 6.7 Fighting
 + Level 6.7 Axes
 + Level 6.1 Armour
 + Level 5.5 Dodging


You had 7 spell levels left.
You didn't know any spells.
Your spell library was empty.

Dungeon Overview and Level Annotations

Branches:
Dungeon (5/15)             Temple (0/1) D:5

Altars:
Elyvilon
Fedhas
Hepliaklqana
Makhleb

Shops:
D:1 *   D:5 (


Innate Abilities, Weirdness & Mutations

You have a pair of horns on your head.
You reflexively headbutt those who attack you in melee.


Message History

The iguana is lightly wounded.
The iguana misses you.
You barely miss the iguana. You headbutt the iguana!
The iguana is heavily wounded.
The iguana bites you. The iguana barely misses you.
You hit the iguana.
The iguana is severely wounded.
The iguana barely misses you.
You hit the iguana but do no damage. You headbutt the iguana.
The iguana is almost dead.
The iguana bites you.
You barely miss the iguana.
The iguana is almost dead.
The iguana bites you.
You hit the iguana but do no damage.
The iguana is almost dead.
The iguana bites you.
Okay, then.
Your movement speed is average.
Your attack delay is about 1.1.
Your movement speed is average.
Your attack delay is about 1.1.
You barely miss the iguana.
The iguana is almost dead.
The iguana misses you.
You hit the iguana.
You kill the iguana!
Trog accepts your kill.
You closely miss the adder. The adder bites you but does no damage.
The adder bites you.
You are poisoned.
The adder poisons you!
You hit the ogre. Your headbutt misses the ogre.
The ogre is lightly wounded.
You completely miss the adder.
You feel sick. The adder closely misses you.
The ogre hits you with a +0 giant club!
* * * LOW HITPOINT WARNING * * *
It was a potion of flight.
You feel very buoyant.
You fly up into the air.
You feel sick. The adder misses you. The ogre hits you with a +0 giant club!
You die...

.##..#......# #.(..#
.##..#####..#+# # #....#
.........#..#..# .# #....#
........[#### ..# #. #..).#
.##......#..# .. #. #....#
.##<.....#..# .#Z ...#....#
.#...##..##.##+##Z##+###..#....#
.'...##..##.#...OS....##..#....#
###.........#.8.@8..8.#...#....#
.##.........#.........#...#....#
.#...##..##.#####'#####...#....#
.##..######..#..>..#..#...#....#
.##..##......#.....#..##'##....#
###...#......#.....#..##..#....#
..#...'......#.....#..'...#....#
.............#.....'..#...#....#
.#.#.#.......#.....#..#...'....#


You could see an ogre, an adder, a centaur zombie and a howler monkey skeleton.

Vanquished Creatures
  Grinder (D:4)
  A black bear (D:5)
  An ice beast (D:5)
  2 scorpions (D:5)
  A wyvern skeleton (D:5)
  2 orc priests
  2 jellies
  A hound (D:5)
  3 iguanas
  3 orc wizards
  3 gnolls (D:5)
  A howler monkey skeleton (D:2)
  6 adders
  An adder skeleton (D:4)
  2 worms (D:2)
  A dart slug (D:3)
  20 orcs
  6 ball pythons
  6 endoplasms
  7 giant cockroaches
  6 goblins
  9 hobgoblins
  10 jackals
  6 kobolds
  3 quokkas
  6 bats
  2 frilled lizards
  3 rats
115 creatures vanquished.

Vanquished Creatures (others)
  6 fungi (D:3)
  A plant (D:4)
  4 toadstools (D:3)
11 creatures vanquished.

Grand Total: 126 creatures vanquished

Notes
Turn   | Place    | Note
-------+----------+-------------------------------------------
     0 | D:1      | c4ctus5 the Minotaur Berserker began the quest for the Orb.
     0 | D:1      | Reached XP level 1. HP: 19/19 MP: 0/0
   111 | D:1      | Reached XP level 2. HP: 21/27 MP: 1/1
   526 | D:1      | Found a faded altar of an unknown god.
   702 | D:1      | Found Gudiet's Assorted Antiques.
   882 | D:1      | Reached XP level 3. HP: 33/33 MP: 2/2
  1080 | D:2      | Reached ** piety under Trog
  1522 | D:2      | Reached XP level 4. HP: 38/41 MP: 3/3
  2176 | D:2      | You fall into a shaft and drop 1 floor!
  2781 | D:3      | Reached *** piety under Trog
  3058 | D:3      | Reached XP level 5. HP: 38/47 MP: 4/4
  4110 | D:4      | Reached skill level 5 in Fighting
  4119 | D:4      | Reached skill level 5 in Axes
  4289 | D:4      | Reached XP level 6. HP: 55/56 MP: 5/5
  4310 | D:4      | Noticed Grinder
  4313 | D:4      | Paralysed by Grinder for 3 turns
  4323 | D:4      | Killed Grinder
  5004 | D:4      | Reached skill level 5 in Armour
  7063 | D:5      | Entered Level 5 of the Dungeon
  7076 | D:5      | Reached XP level 7. HP: 53/62 MP: 6/6
  7351 | D:5      | Found a white marble altar of Elyvilon.
  7548 | D:5      | Identified the ring of Ethics {Ice Int+4}
  7612 | D:5      | Found a staircase to the Ecumenical Temple.
  7681 | D:5      | Found a blossoming altar of Fedhas.
  7686 | D:5      | Found a hazy altar of Hepliaklqana.
  7692 | D:5      | Found a burning altar of Makhleb.
  7718 | D:5      | Found Liatoh's Weapon Shoppe.
  7739 | D:5      | Reached skill level 5 in Dodging
  8565 | D:5      | Reached XP level 8. HP: 55/71 MP: 7/7
  8578 | D:5      | Mangled by an ogre

Illustrated notes

Levels and vault maps discovered:
D:1:      sevenhm_arrival_forest_fort_large_2, layout_loops_ring, serial_shops,
          nicolae_shop_overgrown_old_shop, ebering_ecumenical_altar_box
D:2:      layout_basic
D:3:      layout_loops_cross, minmay_gold_behind_fungi
D:4:      layout_loops_ring, serial_forest, infiniplex_forest_zigzag_1,
          infiniplex_forest_corner_2, infiniplex_forest_lined_1,
          infiniplex_forest_end_3, infiniplex_forest_clump_tiny,
          infiniplex_forest_corner_1, palyth_stone_intersect, uniq_grinder
D:5:      minmay_chambers_of_threes, layout_gridville, lemuel_round_altar,
          grunt_temple_overflow_diamond, minmay_temple_entry_glass,
          serial_shops, nicolae_shop_trees

Skill      XL: |  1  2  3  4  5  6  7 |
---------------+----------------------+-----
Axes           | 4 5 6 |  6.7
Fighting       | 4 5 6 |  6.7
Armour         | 3 4 5 6 |  6.1
Dodging        | 3 4 5 |  5.5

Action                   |  1- 3 |  4- 6 |  7- 9 || total
-------------------------+-------+-------+-------++-------
Melee: Hand axe          |    88 |   126 |       ||   214
       Headbutt          |    14 |    29 |    16 ||    59
       War axe           |       |     3 |    79 ||    82
Throw: Stone             |    21 |    29 |     4 ||    54
Invok: Berserk           |       |     2 |     1 ||     3
  Use: Potion            |       |     3 |     1 ||     4
       Scroll            |       |     3 |       ||     3
Armor: Animal skin       |    13 |     6 |       ||    19
       Leather armour    |       |     1 |       ||     1
       Ring mail         |       |       |    30 ||    30
Dodge: Dodged            |    48 |    68 |    42 ||   158

Table legend: (Time is in decaauts)
 A = Elapsed time spent in this place.
 B = Non-inter-level travel time spent in this place.
 C = Inter-level travel time spent in this place.
 D = Time resting spent in this place.
 E = Time spent auto-exploring this place.
 F = Levels seen in this place.
 G = Mean time per level.
                   A        B        C        D        E       F      G
               +--------+--------+--------+--------+--------+-----+--------+
         Total |   8639 |   8433 |    206 |   3778 |   3259 |   5 | 1727.8 |
       Dungeon |   8639 |   8433 |    206 |   3778 |   3259 |   5 | 1727.8 |
               +--------+--------+--------+--------+--------+-----+--------+

Top non-repeatable levels by time:
     D:4: 3281 daAuts
     D:2: 1549 daAuts
     D:5: 1539 daAuts
     D:3: 1196 daAuts
     D:1: 1073 daAuts
